 Dungeon Crawl Stone Soup version 0.22.0-75-g3901e79 (webtiles) character file.

660 Fang the Chopper (level 7, 0/44 HPs)
             Began as a Gargoyle Berserker on Sept 14, 2018.
             Was a Priest of Trog.
             Slain by Prince Ribbit (11 damage)
             ... on level 5 of the Dungeon.
             The game lasted 00:06:14 (4555 turns).

Fang the Chopper (Gargoyle Berserker)               Turns: 4555, Time: 00:06:15

Health: 0/44       AC:  9    Str: 27    XL:     7   Next: 56%
Magic:  7/7        EV: 13    Int:  7    God:    Trog [***...]
Gold:   231        SH:  0    Dex:  9    Spells: 6/6 levels left

rFire    . . .     SeeInvis .   a - +1 hand axe
rCold    + . .     Gourm    .   (no shield)
rNeg     + + .     Faith    +   b - +0 animal skin
rPois    ∞         Spirit   .   (no helmet)
rElec    +         Reflect  .   s - +1 cloak {rPois}
rCorr    .         Harm     .   (no gloves)
MR       .....                  (no boots)
Stlth    +.........             j - amulet of faith
HPRegen  0.14/turn              n - ring "Lausmil" {rPois rC+ rN+ Str+4 Stlth-}
MPRegen  0.10/turn              t - ring of stealth

@: berserk cooldown, slowed, very slow
A: negative energy resistance 1, electricity resistance, unbreathing,
petrification resistance, rot immunity, AC +4
a: Berserk, Trog's Hand, Renounce Religion


You were on level 5 of the Dungeon.
You worshipped Trog.
Trog was most pleased with you.
You were near starving.

You visited 2 branches of the dungeon, and saw 6 of its levels.

You collected 231 gold pieces.

Inventory:

Hand Weapons
 a - a +1 hand axe (weapon)
Armour
 b - a +0 animal skin (worn)
 s - a +1 cloak of poison resistance (worn)
Jewellery
 j - an amulet of faith (around neck)
 n - the ring "Lausmil" (left hand) {rPois rC+ rN+ Str+4 Stlth-}
   (You found it on level 3 of the Dungeon)

   [ring of poison resistance]

   It affects your strength (+4).
   It protects you from cold.
   It protects you from poison.
   It protects you from negative energy.
   It makes you less stealthy.
 t - a ring of stealth (right hand)
Wands
 q - a wand of polymorph (6)
Scrolls
 d - 2 scrolls of remove curse
 k - a scroll of fog
 l - a scroll of immolation
Potions
 e - 2 potions of might {unknown}
 f - 2 potions of heal wounds
 g - a potion of mutation {unknown}
 h - a potion of magic {unknown}
 m - a potion of haste {unknown}
 o - 2 potions of flight {unknown}
 p - 2 potions of curing {unknown}
Comestibles
 c - 10 rations


   Skills:
 + Level 4.9 Fighting
 + Level 6.0 Axes
 + Level 2.3 Armour
 + Level 3.5 Dodging
 + Level 1.4 Stealth


You had 6 spell levels left.
You didn't know any spells.
Your spell library was empty.

Dungeon Overview and Level Annotations

Branches:
Dungeon (5/15)             Temple (1/1) D:4

Altars:
Cheibriados
Dithmenos
Elyvilon
Gozag
Hepliaklqana
Kikubaaqudgha
Makhleb
Nemelex Xobeh
Okawaru
Qazlal
Ru
Trog
Uskayaw
Vehumet
Xom
Yredelemnul
Zin
The Shining One

Annotations:
D:5 Prince Ribbit


Innate Abilities, Weirdness & Mutations

You are resistant to torment.
Your stone body is resilient. (AC +4)
You are immune to poison.
You resist negative energy. (rN+)
You are resistant to electric shocks. (rElec)
You can survive without breathing.
You are immune to petrification.
You are immune to rotting.


Message History

Prince Ribbit misses you. x2
You barely miss Prince Ribbit.
Prince Ribbit is severely wounded.
Prince Ribbit misses you. Prince Ribbit hits you.
* * * LOW HITPOINT WARNING * * *
You closely miss Prince Ribbit.
Prince Ribbit is severely wounded.
You are near starving!
Prince Ribbit hits you but does no damage. x2
Prince Ribbit closely misses you.
You closely miss Prince Ribbit.
Prince Ribbit is severely wounded.
Prince Ribbit barely misses you. Prince Ribbit misses you.
You barely miss Prince Ribbit.
Prince Ribbit is severely wounded.
Prince Ribbit blinks!
Prince Ribbit blinks!
Found 15 gold pieces.
Prince Ribbit blinks!
Prince Ribbit hits you!
You die...

#..######.###.#
#######..# #.#
#.# .........#
#.# #.#
####.##.## #.#
#.# # #.# #.#
#.# #.# #.# #.#
#§# #.# #.#
#.##.# #.#
#.#### #$.F@#
#..... ######
######


You could see Prince Ribbit.

Vanquished Creatures
  Sigmund (D:3)
  A phantom (D:5)
  A howler monkey (D:4)
  A bullfrog skeleton (D:4)
  A centaur skeleton (D:4)
  Crazy Yiuf (D:3)
  A hound (D:4)
  An orc wizard (D:3)
  Terence (D:3)
  A worker ant (D:4)
  A hound skeleton (D:4)
  8 adders
  3 oozes
  6 dart slugs
  2 leopard geckos
  9 orcs
  10 goblins
  5 hobgoblins
  2 jackals (D:2)
  12 kobolds
  2 quokkas
  A ball python (D:2)
  A ball python skeleton (D:4)
  12 bats
  6 frilled lizards
  13 rats
103 creatures vanquished.

Notes
Turn   | Place    | Note
-------+----------+-------------------------------------------
     0 | D:1      | Fang the Gargoyle Berserker began the quest for the Orb.
     0 | D:1      | Reached XP level 1. HP: 14/14 MP: 1/1
    80 | D:1      | Reached skill level 3 in Axes
    80 | D:1      | Reached XP level 2. HP: 16/19 MP: 2/2
   412 | D:1      | Reached XP level 3. HP: 22/24 MP: 3/3
   906 | D:1      | Reached ** piety under Trog
  1131 | D:2      | Found a hide-covered altar of Uskayaw.
  1246 | D:2      | Reached XP level 4. HP: 23/29 MP: 4/4
  1976 | D:3      | Reached skill level 4 in Axes
  2026 | D:3      | Noticed Sigmund
  2027 | D:3      | Found a white marble altar of Elyvilon.
  2036 | D:3      | Killed Sigmund
  2036 | D:3      | Reached XP level 5. HP: 26/33 MP: 5/5
  2036 | D:3      | Reached XP level 6. HP: 31/38 MP: 6/6
  2306 | D:3      | Got a faintly glowing brass ring
  2307 | D:3      | Identified the ring "Lausmil" {rPois rC+ rN+ Str+4 Stlth-}
                  | (You found it on level 3 of the Dungeon)
  2358 | D:3      | Found a runed door.
  2480 | D:3      | Found a radiant altar of Vehumet.
  2502 | D:3      | Reached skill level 5 in Axes
  2513 | D:3      | Reached *** piety under Trog
  2941 | D:3      | Found a basalt altar of Yredelemnul.
  3032 | D:3      | Noticed Crazy Yiuf
  3032 | D:3      | Noticed Terence
  3039 | D:3      | Killed Terence
  3046 | D:3      | Killed Crazy Yiuf
  3144 | D:4      | Reached skill level 1 in Stealth
  3314 | D:4      | Found a staircase to the Ecumenical Temple.
  3320 | D:4      | Reached XP level 7. HP: 34/44 MP: 7/7
  3440 | Temple   | Entered the Ecumenical Temple
  3772 | D:4      | Found an ancient bone altar of Kikubaaqudgha.
  4024 | D:4      | Found a snail-covered altar of Cheibriados.
  4073 | D:4      | Found a burning altar of Makhleb.
  4422 | D:5      | Entered Level 5 of the Dungeon
  4521 | D:5      | Noticed Prince Ribbit
  4528 | D:5      | Reached skill level 6 in Axes
  4555 | D:5      | Slain by Prince Ribbit

Skill      XL: |  1  2  3  4  5  6  7 |
---------------+----------------------+-----
Axes           | 3 4 5 6 |  6.0
Dodging        | 2 3 |  3.5
Fighting       | 4 |  4.9
Stealth        | 1 |  1.4
Armour         | |  2.3

Action                   |  1- 3 |  4- 6 |  7- 9 || total
-------------------------+-------+-------+-------++-------
Melee: Hand axe          |    85 |   192 |   118 ||   395
Invok: Berserk           |       |     3 |     1 ||     4
  Use: Scroll            |       |       |     9 ||     9
 Stab: Sleeping          |       |       |     1 ||     1
  Eat: Chunk             |     1 |    10 |     3 ||    14
Armor: Animal skin       |    27 |    73 |    35 ||   135
Dodge: Dodged            |    56 |   151 |    75 ||   282
